 Dungeon Crawl Stone Soup version 0.31-a0-188-g5e087ee2ca (webtiles) character file.

Game seed: 8721424531685880794

23835 qw the Markself (level 12, -1/76 HPs)
             Began as a Deep Elf Hunter on June 23, 2023.
             Was an Elder of Okawaru.
             Slain by a dream sheep (8 damage)
             ... on level 4 of the Lair of Beasts.
             The game lasted 00:04:24 (10436 turns).

qw the Markself (Deep Elf Hunter)                  Turns: 10436, Time: 00:04:25

Health: -1/76      AC:  7    Str: 12    XL:     12   Next: 75%
Magic:  19/21      EV: 28    Int: 16    God:    Okawaru [****..]
Gold:   672        SH:  0    Dex: 18    Spells: 11/11 levels left

rFire   . . .        n - +3 orcbow (elec)
rCold   . . .        (shield currently unavailable)
rNeg    . . .        c - +1 leather armour {rPois}
rPois   +            (no helmet)
rElec   .            (no cloak)
rCorr   .            a - +0 pair of gloves
SInv    +            i - +0 pair of boots
Will    +....        (no amulet)
Stlth   +++          b - +5 ring of evasion
HPRegen 0.32/turn    j - ring of see invisible
MPRegen 0.17/turn

%: no passive effects
@: heroic
A: no striking features
a: Renounce Religion, Heroism, Finesse


You were on level 4 of the Lair of Beasts.
You worshipped Okawaru.
Okawaru was greatly pleased with you.
You visited 3 branches of the dungeon, and saw 13 of its levels.

You collected 672 gold pieces.


   Skills:
 - Level 9.0(14.0) Fighting
 - Level 16.2(21.2) Ranged Weapons
 - Level 3.1(8.1) Armour
 + Level 13.4(18.4) Dodging
 - Level 1.2(6.2) Stealth
 - Level 10.0 Invocations


You had 11 spell levels left.
You didn't know any spells.
Your spell library was empty.

Inventory:

Hand Weapons
 n - a +3 orcbow of electrocution (weapon)
Armour
 a - a +0 pair of gloves (worn)
 c - a +1 leather armour of poison resistance (worn)
 g - a +3 leather armour of fire resistance
 h - the +7 ring mail of the Evil One {rC- rN+++ Dex-5 Slay+3}
   (You found it on level 4 of the Lair of Beasts)

   Dex:       It affects your dexterity (-5).
   Slay:      It affects your accuracy & damage with ranged weapons and melee
   (+3).
   rC:        It makes you vulnerable to cold.
   rN:        It renders you almost immune to negative energy.
 i - a +0 pair of boots (worn)
 k - a +1 leather armour of cold resistance
Jewellery
 b - a +5 ring of evasion (left hand)
 j - a ring of see invisible (right hand)
 Y - a ring of willpower
Wands
 q - a wand of digging (2)
Scrolls
 m - 4 scrolls of identify
Potions
 d - 2 potions of enlightenment
 e - a potion of might
 f - 3 potions of curing
 l - a potion of haste
 o - 2 potions of magic
 p - a potion of resistance
 r - 5 potions of cancellation

Dungeon Overview and Level Annotations

Branches:
Dungeon (8/15)             Temple (1/1) D:5            Lair (4/5) D:8
  Swamp (0/4) Lair:3        Snake (0/4) Lair:2
  Slime: Lair:4-5

Altars:
Cheibriados
Dithmenos
Elyvilon
Fedhas
Gozag
Kikubaaqudgha
Makhleb
Okawaru
Qazlal
Ru
Sif Muna
Trog
Uskayaw
Vehumet
Wu Jian
Xom
Yredelemnul
The Shining One
Lugonu

Annotations:
D:7 1 runed translucent door, Crazy Yiuf


Message History

The dream sheep bites you.
You shoot an arrow. The arrow closely misses the wyvern.
The wyvern misses you. The dream sheep completely misses you.
The dream sheep bites you.
You shoot an arrow. The arrow hits the wyvern!
The wyvern is almost dead.
The wyvern misses you. The cane toad completely misses you.
The wyvern bites you.
You shoot an arrow. The arrow hits the wyvern.
You kill the wyvern!
Okawaru accepts your kill. The dream sheep bites you.
The basilisk hisses menacingly.
The dream sheep closely misses you. The cane toad completely misses you.
10431 ||| INVOKING Heroism.
You gain the combat prowess of a mighty hero.
The cane toad stings you.
The dream sheep shake their wool and sparkle.
You feel drowsy...
You fall asleep.
The dream sheep bites you!
You wake up.
You shoot an arrow. The arrow barely misses the cane toad.
The cane toad closely misses you.
The dream sheep bites you but does no damage.
The dream sheep bites you.
You shoot an arrow. The arrow hits the cane toad.
Lightning courses through the cane toad!
The cane toad is heavily wounded.
The cane toad closely misses you. The dream sheep misses you. x2
You shoot an arrow.
The arrow hits the cane toad but does no damage.
The cane toad is heavily wounded.
The cane toad barely misses you.
You shoot an arrow. The arrow hits the cane toad!
The cane toad is almost dead.
The dream sheep closely misses you. The dream sheep bites you.
The cane toad stings you!!
You shoot an arrow. The arrow hits the cane toad.
You kill the cane toad!
Okawaru accepts your kill. The dream sheep bites you!
You die...

##...... ..... ##..##...
.%%.. #...##### ......
##..## ### ......
##..#.###.. ......#
##..#.##....
.......######.....#.....
......YY.#.#............
.....l%@..............##
#.....%###.P#.##..#####
####### ##########


You could see a basilisk and 2 dream sheep.

Vanquished Creatures
  A hydra (Lair:2)
  3 death yaks (D:8)
  Urug (Lair:4)
  Pikel (D:4)
  13 elephants
  3 black mambas
  8 cane toads
  3 komodo dragons
  2 rime drakes (Lair:1)
  A troll (D:6)
  A polar bear (Lair:1)
  19 blink frogs
  4 dream sheep (Lair:4)
  12 yaks
  4 wyverns
  2 steam dragons
  2 basilisks (Lair:2)
  Eustachio (D:4)
  3 swamp worms (Lair:3)
  11 water moccasins
  An orc warrior (D:8)
  2 sky beasts (D:6)
  A black bear (D:5)
  2 centaurs
  3 ogres
  2 lemures (D:4)
  A phantom (D:5)
  A gnoll sergeant (D:7)
  9 bullfrogs
  2 scorpions
  2 electric eels
  5 orc priests
  An iguana (D:5)
  3 hounds
  8 jellies
  Jessica (D:2)
  2 gnoll boudas
  4 orc wizards (D:8)
  A sleepcap (D:4)
  Ijyb (D:3)
  A hell rat (D:8)
  Natasha (thrice) (D:4)
  23 gnolls
  9 adders
  3 river rats (D:8)
  A white imp (D:7)
  A worm (D:5)
  A dart slug (D:4)
  22 orcs
  10 ball pythons
  4 bats
  9 endoplasms
  5 giant cockroaches
  7 hobgoblins
  2 jackals (D:3)
  4 quokkas
  3 frilled lizards (D:1)
  6 goblins
  7 kobolds
  3 rats
271 creatures vanquished.

Notes
Turn   | Place    | Note
-------+----------+-------------------------------------------
     0 | D:1      | qw the Deep Elf Hunter began the quest for the Orb.
     0 | D:1      | Reached XP level 1. HP: 12/12 MP: 3/3
     0 | D:1      | 0 ||| qw: Version: 0.3-a-9-g12657ce
     0 | D:1      | 0 ||| qw: Game counter: 3115
     0 | D:1      | 0 ||| qw: Always use a shield: true
     0 | D:1      | 0 ||| qw: God list: Okawaru
     0 | D:1      | 0 ||| qw: Allow faded altars: false
     0 | D:1      | 0 ||| qw: Do Orc after D:15 true
     0 | D:1      | 0 ||| qw: Do second Lair branch before Depths: true
     0 | D:1      | 0 ||| qw: Lair rune preference: random
     0 | D:1      | 0 ||| qw: Plans: Normal
     0 | D:1      | 0 ||| PLANNING D:1-11
     1 | D:1      | Noticed an electric eel
   260 | D:1      | Reached skill level 6 in Ranged Weapons
   260 | D:1      | Reached XP level 2. HP: 16/16 MP: 4/4
   466 | D:1      | 466 ||| UPGRADING to +0 scale mail.
   476 | D:1      | 476 ||| DROPPING +0 leather armour.
   477 | D:1      | 477 ||| READING scroll labelled ROCSEI JOH ACH.
   478 | D:1      | 478 ||| READING 2 scrolls labelled WUUPAINIDO.
   483 | D:1      | 483 ||| READING scroll labelled QISKY ELIGO.
   484 | D:1      | 484 ||| DROPPING scroll of butterflies.
   496 | D:2      | 496 ||| STAIRDANCE
   563 | D:2      | Found a faded altar of an unknown god.
   574 | D:2      | Reached XP level 3. HP: 11/20 MP: 5/5
   619 | D:2      | Reached skill level 7 in Ranged Weapons
   791 | D:2      | Reached XP level 4. HP: 25/25 MP: 6/6
   804 | D:2      | Noticed Jessica
   806 | D:2      | Killed Jessica
  1039 | D:2      | Reached skill level 8 in Ranged Weapons
  1288 | D:2      | 1288 ||| UPGRADING to +1 leather armour of poison
                  | resistance.
  1298 | D:2      | 1298 ||| UPGRADING to +5 ring of evasion.
  1299 | D:2      | 1299 ||| READING scroll labelled OPIODI LENUORI.
  1300 | D:2      | 1300 ||| READING scroll labelled VAUXEO IMOUS.
  1301 | D:2      | 1301 ||| DRINKING 2 fizzy brown potions.
  1302 | D:2      | 1302 ||| DRINKING 2 murky golden potions.
  1303 | D:2      | 1303 ||| DRINKING 2 grey potions.
  1304 | D:2      | 1304 ||| DROPPING potion of brilliance.
  1429 | D:3      | Noticed Ijyb
  1439 | D:3      | Killed Ijyb
  1440 | D:3      | Reached XP level 5. HP: 29/29 MP: 7/7
  1839 | D:3      | Reached skill level 9 in Ranged Weapons
  1968 | D:3      | 1968 ||| DROPPING +0 scale mail.
  1969 | D:3      | 1969 ||| UPGRADING to ring of willpower.
  1970 | D:3      | 1970 ||| READING 3 scrolls labelled XIKHUNK WIYC.
  1971 | D:3      | 1971 ||| READING 2 scrolls labelled SIERYUFOLAU.
  1972 | D:3      | 1972 ||| READING scroll of brand weapon.
  1972 | D:3      | 1972 ||| BRANDING +1 shortbow of chaos.
  1973 | D:3      | 1973 ||| DRINKING 2 coppery potions.
  1974 | D:3      | 1974 ||| DROPPING 2 scrolls of vulnerability.
  2006 | D:4      | Noticed Natasha
  2013 | D:4      | Killed Natasha
  2014 | D:4      | Reached skill level 3 in Dodging
  2038 | D:4      | Noticed an ogre
  2048 | D:4      | Killed an ogre
  2049 | D:4      | Reached XP level 6. HP: 17/36 MP: 8/8
  2123 | D:4      | 2123 ||| READING scroll of enchant weapon.
  2123 | D:4      | 2123 ||| ENCHANTING +1 shortbow of electrocution.
  2149 | D:4      | Noticed Eustachio
  2165 | D:4      | Killed Eustachio
  2190 | D:4      | Noticed Natasha
  2192 | D:4      | 2192 ||| Stepping ~*~*~tactically~*~*~ (outnumbered).
  2196 | D:4      | 2196 ||| Stepping ~*~*~tactically~*~*~ (outnumbered).
  2197 | D:4      | Killed Natasha
  2198 | D:4      | Reached skill level 10 in Ranged Weapons
  2352 | D:4      | Reached XP level 7. HP: 40/40 MP: 9/9
  2493 | D:4      | Noticed Pikel
  2508 | D:4      | HP: 10/40 [Pikel/+0 whip of flaming (2)]
  2509 | D:4      | 2509 ||| READING 4 scrolls of teleportation.
  2615 | D:4      | Killed Pikel
  2616 | D:4      | Reached XP level 8. HP: 37/45 MP: 10/10
  2720 | D:4      | Noticed Natasha
  2726 | D:4      | Killed Natasha
  2788 | D:4      | 2788 ||| DROPPING +0 ring mail.
  2789 | D:4      | 2789 ||| DRINKING 2 cyan potions.
  2790 | D:4      | 2790 ||| READING 3 scrolls of identify.
  2790 | D:4      | 2790 ||| IDENTIFYING bubbling black potion
  2791 | D:4      | 2791 ||| READING 2 scrolls of identify.
  2791 | D:4      | 2791 ||| IDENTIFYING yellow potion
  2792 | D:4      | 2792 ||| DROPPING potion of invisibility.
  2793 | D:4      | 2793 ||| DROPPING potion of ambrosia.
  2802 | D:5      | Entered Level 5 of the Dungeon
  2873 | D:5      | Reached skill level 11 in Ranged Weapons
  2933 | D:5      | Found an ornate altar of the Wu Jian Council.
  2943 | D:5      | Found an opulent altar of Gozag.
  3012 | D:5      | Found a staircase to the Ecumenical Temple.
  3013 | D:5      | 3013 ||| PLANNING TEMPLE
  3013 | D:5      | 3013 ||| READING scroll labelled ONTATE ROCU.
  3014 | D:5      | 3014 ||| READING scroll labelled YBEOTE YNIRUSUDA.
  3025 | D:5      | Reached skill level 12 in Ranged Weapons
  3033 | Temple   | Entered the Ecumenical Temple
  3058 | Temple   | 3058 ||| PLANNING OKAWARU WORSHIP
  3087 | Temple   | Became a worshipper of Warmaster Okawaru
  3088 | Temple   | 3088 ||| PLANNING D:1-11
  3160 | D:5      | Reached skill level 3 in Fighting
  3610 | D:5      | Found a bloodstained altar of Trog.
  3610 | D:5      | Found a sacrificial altar of Ru.
  4110 | D:5      | 4110 ||| READING 3 scrolls labelled MUOMNA SIGGEO.
  4111 | D:5      | 4111 ||| READING scroll labelled XUNACR ALETZA.
  4112 | D:5      | 4112 ||| READING scroll labelled DEHAHAGOIBB.
  4113 | D:5      | 4113 ||| DROPPING 2 scrolls of amnesia.
  4212 | D:6      | Reached skill level 13 in Ranged Weapons
  4396 | D:6      | Reached XP level 9. HP: 50/50 MP: 11/11
  4600 | D:6      | Reached skill level 14 in Ranged Weapons
  4707 | D:6      | 4707 ||| SWAPPING to +0 orcbow.
  4708 | D:6      | Noticed a troll
  4720 | D:6      | Killed a troll
  4720 | D:6      | Reached * piety under Okawaru
  4851 | D:6      | 4851 ||| DROPPING +2 shortbow of electrocution.
  5007 | D:6      | 5007 ||| UPGRADING to +0 pair of gloves.
  5012 | D:6      | 5012 ||| READING scroll labelled TUESODEMEO.
  5012 | D:6      | Identified a scroll of acquirement
  5012 | D:6      | 5012 ||| ACQUIRING +2 orcbow of electrocution
  5012 | D:6      | Acquired a +2 orcbow of electrocution
  5014 | D:6      | 5014 ||| SWAPPING to +2 orcbow of electrocution.
  5015 | D:6      | 5015 ||| DROPPING +0 orcbow.
  5016 | D:6      | 5016 ||| READING scroll labelled SUYQAODAHAO.
  5017 | D:6      | 5017 ||| READING 2 scrolls of identify.
  5017 | D:6      | 5017 ||| IDENTIFYING bubbling purple potion
  5018 | D:6      | 5018 ||| DROPPING potion of lignification.
  5047 | D:7      | 5047 ||| Stepping ~*~*~tactically~*~*~ (outnumbered).
  5076 | D:7      | 5076 ||| FLEEEEING.
  5077 | D:7      | 5077 ||| FLEEEEING.
  5078 | D:7      | 5078 ||| FLEEEEING.
  5079 | D:7      | 5079 ||| FLEEEEING.
  5082 | D:7      | 5082 ||| FLEEEEING.
  5083 | D:7      | 5083 ||| FLEEEEING.
  5084 | D:7      | 5084 ||| FLEEEEING.
  5085 | D:7      | 5085 ||| FLEEEEING.
  5093 | D:7      | 5093 ||| STAIRDANCE
  5194 | D:7      | Found a glowing golden altar of the Shining One.
  5195 | D:7      | 5195 ||| Stepping ~*~*~tactically~*~*~ (cloud).
  5197 | D:7      | 5197 ||| INVOKING Heroism.
  5201 | D:7      | Reached skill level 15 in Ranged Weapons
  5230 | D:7      | Reached skill level 1 in Invocations
  5261 | D:7      | Reached skill level 1 in Armour
  5310 | D:7      | Found a shadowy altar of Dithmenos.
  5371 | D:7      | Found a runed translucent door.
  5372 | D:7      | Noticed Crazy Yiuf
  5779 | D:7      | 5779 ||| UPGRADING to +0 pair of boots.
  5784 | D:7      | 5784 ||| READING scroll labelled NOR BUGGUVAARA.
  5870 | D:7      | 5870 ||| READING 3 scrolls of identify.
  5870 | D:7      | 5870 ||| IDENTIFYING white potion
  5871 | D:7      | 5871 ||| READING 2 scrolls of identify.
  5871 | D:7      | 5871 ||| IDENTIFYING sedimented green potion
  5872 | D:7      | 5872 ||| DROPPING potion of degeneration.
  5954 | D:8      | Found a basalt altar of Yredelemnul.
  5977 | D:8      | Identified the +6 quarterstaff "Viuly" {flame, rPois}
  5980 | D:8      | 5980 ||| INVOKING Heroism.
  6007 | D:8      | Identified the +3 trident "Itheh" {elec, rN++}
  6055 | D:8      | 6055 ||| INVOKING Heroism.
  6139 | D:8      | Noticed a death yak
  6140 | D:8      | 6140 ||| INVOKING Heroism.
  6140 | D:8      | Noticed a death yak
  6146 | D:8      | Killed a death yak
  6147 | D:8      | Reached XP level 10. HP: 56/56 MP: 10/13
  6147 | D:8      | Noticed a death yak
  6157 | D:8      | Killed a death yak
  6157 | D:8      | Reached ** piety under Okawaru
  6158 | D:8      | Reached skill level 16 in Ranged Weapons
  6158 | D:8      | Reached skill level 3 in Invocations
  6161 | D:8      | HP: 6/56 [death yak (26)]
  6162 | D:8      | 6162 ||| READING 4 scrolls of teleportation.
  6163 | D:8      | 6163 ||| DRINKING 2 potions of heal wounds.
  6165 | D:8      | 6165 ||| INVOKING Heroism.
  6168 | D:8      | 6168 ||| STAIRDANCE
  6371 | D:7      | 6371 ||| DROPPING ring of magical power.
  6372 | D:7      | 6372 ||| READING scroll labelled AMEJONN XULOMI.
  6373 | D:7      | 6373 ||| READING 3 scrolls of identify.
  6373 | D:7      | 6373 ||| IDENTIFYING clear potion
  6473 | D:8      | 6473 ||| INVOKING Heroism.
  6488 | D:8      | Killed a death yak
  6488 | D:8      | HP: 13/56 [bullfrog (4)]
  6489 | D:8      | 6489 ||| READING 3 scrolls of teleportation.
  6490 | D:8      | 6490 ||| DRINKING potion of heal wounds.
  6557 | D:8      | Found a staircase to the Lair.
  6573 | D:8      | 6573 ||| READING scroll of enchant weapon.
  6573 | D:8      | 6573 ||| ENCHANTING +2 orcbow of electrocution.
  6704 | D:8      | 6704 ||| INVOKING Heroism.
  6784 | D:8      | Found a hide-covered altar of Uskayaw.
  6784 | D:8      | Noticed a +0 dagger
  6784 | D:8      | Noticed a +0 dagger
  6917 | D:8      | Found a radiant altar of Vehumet.
  6929 | D:8      | Found an ancient bone altar of Kikubaaqudgha.
  6939 | D:8      | Found a shimmering blue altar of Sif Muna.
  7005 | D:8      | 7005 ||| PLANNING LAIR
  7005 | D:8      | 7005 ||| UPGRADING to ring of see invisible.
  7037 | Lair:1   | Entered Level 1 of the Lair of Beasts
  7055 | Lair:1   | Reached skill level 9 in Dodging
  7134 | Lair:1   | Noticed a cane toad
  7135 | Lair:1   | 7135 ||| INVOKING Heroism.
  7138 | Lair:1   | Killed a cane toad
  7155 | Lair:1   | 7155 ||| INVOKING Heroism.
  7166 | Lair:1   | Reached skill level 6 in Fighting
  7203 | Lair:1   | Reached *** piety under Okawaru
  7239 | Lair:1   | Noticed a cane toad
  7241 | Lair:1   | 7241 ||| INVOKING Heroism.
  7243 | Lair:1   | 7243 ||| Stepping ~*~*~tactically~*~*~ (water).
  7246 | Lair:1   | Killed a cane toad
  7257 | Lair:1   | HP: 14/60 [wyvern (4)]
  7258 | Lair:1   | 7258 ||| READING 2 scrolls of teleportation.
  7262 | Lair:1   | Reached XP level 11. HP: 9/64 MP: 16/16
  7547 | Lair:1   | 7547 ||| INVOKING Heroism.
  7647 | Lair:1   | 7647 ||| INVOKING Heroism.
  8279 | Lair:2   | 8279 ||| INVOKING Heroism.
  8350 | Lair:2   | Noticed a four-headed hydra
  8351 | Lair:2   | 8351 ||| INVOKING Heroism.
  8360 | Lair:2   | Killed a four-headed hydra
  8360 | Lair:2   | Reached **** piety under Okawaru
  8403 | Lair:2   | Found a staircase to the Snake Pit.
  8407 | Lair:2   | 8407 ||| INVOKING Heroism.
  8527 | Lair:2   | 8527 ||| INVOKING Heroism.
  8729 | Lair:2   | 8729 ||| DRINKING 2 viscous yellow potions.
  8787 | Lair:3   | 8787 ||| INVOKING Heroism.
  8792 | Lair:3   | Reached skill level 6 in Invocations
  8824 | Lair:3   | 8824 ||| INVOKING Heroism.
  9075 | Lair:3   | 9075 ||| INVOKING Heroism.
  9085 | Lair:3   | Reached skill level 12 in Dodging
  9173 | Lair:3   | 9173 ||| INVOKING Heroism.
  9185 | Lair:3   | Reached XP level 12. HP: 73/73 MP: 17/19
  9195 | Lair:3   | 9195 ||| INVOKING Heroism.
  9199 | Lair:3   | HP: 12/73 [blink frog (11)]
  9200 | Lair:3   | 9200 ||| READING scroll of teleportation.
  9205 | Lair:3   | HP: 7/73 [blink frog (7)]
  9230 | Lair:3   | 9230 ||| FLEEEEING.
  9231 | Lair:3   | 9231 ||| FLEEEEING.
  9235 | Lair:3   | 9235 ||| STAIRDANCE
  9426 | Lair:3   | 9426 ||| INVOKING Heroism.
  9472 | Lair:3   | Received a gift from Okawaru
  9477 | Lair:3   | 9477 ||| INVOKING Heroism.
  9707 | Lair:3   | 9707 ||| INVOKING Heroism.
  9714 | Lair:3   | Reached skill level 9 in Invocations
  9719 | Lair:3   | Reached skill level 9 in Fighting
  9791 | Lair:3   | 9791 ||| INVOKING Heroism.
  9798 | Lair:3   | Found a staircase to the Swamp.
  9801 | Lair:3   | HP: 13/76 [swamp worm (14)]
  9802 | Lair:3   | 9802 ||| DRINKING potion of heal wounds.
 10164 | Lair:4   | 10164 ||| INVOKING Heroism.
 10263 | Lair:4   | 10263 ||| INVOKING Heroism.
 10292 | Lair:4   | Noticed Urug
 10297 | Lair:4   | 10297 ||| INVOKING Heroism.
 10306 | Lair:4   | Killed Urug
 10351 | Lair:4   | Identified the +7 ring mail of the Evil One {rC- rN+++
                  | Dex-5 Slay+3}
 10415 | Lair:4   | Reached skill level 3 in Armour
 10431 | Lair:4   | 10431 ||| INVOKING Heroism.
 10435 | Lair:4   | HP: 7/76 [cane toad (20)]
 10436 | Lair:4   | Slain by a dream sheep

Levels and vault maps discovered:
D:1:      arrival_aquarium_a, layout_rooms
D:2:      minmay_spotlight, layout_loops_ring, dreamdust_ecumenical_altar_grove,
          uniq_jessica
D:3:      layout_basic, uniq_ijyb
D:4:      layout_rooms, uniq_eustachio, uniq_pikel, uniq_natasha
D:5:      layout_layer_cave, jmf_multi_god_temple,
          gammafunk_temple_overflow_wave, minmay_temple_entry_crystal_x
D:6:      layout_cave_pools
D:7:      layout_basic, nicolae_tso_carved_into_rock,
          mainiacjoe_overflow_boulevard, uniq_crazy_yiuf_cottage
D:8:      layout_basic, palyth_temple_overflow_mages,
          mainiacjoe_overflow_24_doors, dancing_weapons_uskayaw,
          dpeg_lair_monsters
Temple:   corrupted_temple
Lair:1:   layout_long_grid, serial_bayou_shore_a
Lair:2:   layout_roguey, dummy_snake_entry
Lair:3:   layout_layer_cave, nicolae_swamp_entry_splash_gauntlet
Lair:4:   layout_cave_pods, dpeg_slime_entry_enclosed, serial_bayou_shore_b,
          uniq_urug

Skill      XL: |  1  2  3  4  5  6  7  8  9 10 11 12 |
---------------+-------------------------------------+-----
Ranged Weapons | 6 7 8 9 10 13 15 16 | 16.2
Dodging        | 3 7 9 12 13 | 13.4
Fighting       | 2 3 4 6 8 9 |  9.0
Invocations    | 2 4 7 10 | 10.0
Armour         | 1 2 3 |  3.1
Stealth        | |  1.2

Action                     |  1- 3 |  4- 6 |  7- 9 | 10-12 || total
---------------------------+-------+-------+-------+-------++-------
   Fire: Shortbow          |    60 |   156 |   185 |       ||   401
         Orcbow            |       |       |    90 |   523 ||   613
 Invoke: Heroism           |       |       |     4 |    25 ||    29
    Use: Scroll            |     3 |     6 |    14 |     7 ||    30
         Potion            |       |     4 |     1 |     4 ||     9
 Armour: Scale mail        |    11 |    16 |       |       ||    27
         Leather armour    |       |     3 |    10 |    33 ||    46
  Dodge: Dodged            |    16 |    40 |    54 |   304 ||   414

Table legend:
 A = Non-vault XP
 B = Vault XP
 C = Vault XP percentage of total XP
 D = Non-vault monster count
 E = Vault monster count
 F = Vault count percentage of total count
                 A         B        C        D         E       F
            +---------+---------+-------+---------+---------+-------
      Total |   29326 |    5128 |  14.9 |     235 |      34 |  12.6
            +---------+---------+-------+---------+---------+-------
        D:1 |      23 |       0 |   0.0 |      14 |       0 |   0.0
        D:2 |      96 |      49 |  33.8 |      20 |       8 |  28.6
        D:3 |      84 |      36 |  30.0 |      16 |       1 |   5.9
        D:4 |     309 |     929 |  75.0 |      19 |       3 |  13.6
        D:5 |     695 |     108 |  13.4 |      17 |       2 |  10.5
        D:6 |    1538 |       0 |   0.0 |      22 |       0 |   0.0
        D:7 |     682 |       0 |   0.0 |      20 |       0 |   0.0
        D:8 |     603 |    2674 |  81.6 |      18 |      15 |  45.5
     Lair:1 |    4971 |       0 |   0.0 |      23 |       0 |   0.0
     Lair:2 |    4601 |       0 |   0.0 |      17 |       0 |   0.0
     Lair:3 |   11136 |     550 |   4.7 |      35 |       4 |  10.3
     Lair:4 |    4588 |     782 |  14.6 |      14 |       1 |   6.7
            +---------+---------+-------+---------+---------+-------
